[Event "Titled Tuesday Blitz June 20 Early 2023"]
[White "Saim, Mohamed Ilias"]
[Black "Calderin Gonzalez, Roberto"]
[WhiteFideId "7900465"]
[BlackFideId "5102979"]
[WhiteElo "2063"]
[BlackElo "2228"]
[Result "1/2-1/2"]
[Round "5"]
[TimeControl "180+2"]
[Date "2023.06.20"]
[WhiteClock "0:00:04"]
[BlackClock "0:00:04"]
[Board "212"]

1. d4 d5 2. Nf3 Nf6 3. e3 Bf5 4. c4 e6 5. Nc3 h6 6. Qb3 Nc6 7. a3 Rb8 8. Be2 Bd6 9. h3 a6 10. Bd2 dxc4 11. Qxc4 O-O 12. Rc1 Na5 13. Qa2 Nc6 14. b4 e5 15. dxe5 Nxe5 16. O-O Qe7 17. Rfd1 Rbd8 18. Na4 Nxf3+ 19. Bxf3 Qe5 20. Bc3 Qh2+ 21. Kf1 Ne4 22. Ke2 Nxc3+ 23. Nxc3 Qe5 24. Na4 Be6 25. Qb2 Qxb2+ 26. Nxb2 b5 27. Nd3 Be7 28. Nc5 Bxc5 29. Rxc5 Rxd1 30. Kxd1 Rd8+ 31. Ke2 Bc4+ 32. Ke1 Rd3 33. Be2 Rc3 34. Bxc4 bxc4 35. Kd2 Rxa3 36. Rxc4 Rb3 37. Kc2 Ra3 38. Rxc7 Ra2+ 39. Kb3 Rxf2 40. Rc8+ Kh7 41. Rc6 Rxg2 42. Rxa6 Rg3 43. b5 Rxe3+ 44. Kc4 Rxh3 45. b6 Rh1 46. Kc5 Rb1 47. Kc6 g5 48. Ra7 Kg6 49. Ra5 Rxb6+ 50. Kxb6 f5 51. Kc5 g4 52. Kd4 Kg5 53. Ke3 h5 54. Kf2 h4 55. Ra8 Kf4 56. Ra4+ Kg5 57. Kg2 f4 58. Ra5+ Kg6 59. Kh2 Kf6 60. Kg2 Kg6 61. Ra6+ Kg5 62. Ra5+ Kg6 1/2-1/2


[Site "https://www.chess.com"]

[Event "Titled Tuesday Blitz June 20 Early 2023"]
[White "Kiseleva, Arina"]
[Black "Goughfather"]
[WhiteFideId "4164989"]
[WhiteElo "1701"]
[BlackElo "2001"]
[Result "0-1"]
[Round "5"]
[TimeControl "180+2"]
[Date "2023.06.20"]
[WhiteClock "0:00:06"]
[BlackClock "0:00:29"]
[Board "213"]

1. d4 d5 2. Nf3 Nf6 3. e3 Bf5 4. Bd3 e6 5. Bxf5 exf5 6. O-O Bd6 7. c4 dxc4 8. Qa4+ c6 9. Qxc4 O-O 10. Nc3 Nbd7 11. Rd1 Nb6 12. Qd3 g6 13. b3 Nbd5 14. Bb2 Qe7 15. Nd2 Bxh2+ 16. Kxh2 Ng4+ 17. Kg3 Qc7+ 18. Kf3 Nb4 19. Qc4 Na6 20. Rh1 Rfe8 21. g3 Qe7 22. Rae1 Nc7 23. e4 Qg5 24. d5 Qxd2 25. Re2 Ne5+ 26. Kg2 Nxc4 27. Rxd2 Nxd2 28. d6 Nb5 29. exf5 Nxd6 30. fxg6 fxg6 31. Na4 N2e4 32. f3 Ng5 33. Bd4 Nf5 34. Bf2 Re2 35. Nc3 Rc2 36. Ne4 Ne3+ 37. Kg1 Nxf3# 0-1


[Site "https://www.chess.com"]

[Event "Titled Tuesday Blitz June 20 Early 2023"]
[White "Porat, Tori"]
[Black "Fudalej, Michal"]
[WhiteFideId "30982626"]
[BlackFideId "1118781"]
[WhiteElo "1752"]
[BlackElo "2088"]
[Result "0-1"]
[Round "5"]
[TimeControl "180+2"]
[Date "2023.06.20"]
[WhiteClock "0:00:56"]
[BlackClock "0:00:35"]
[Board "214"]

1. d4 Nf6 2. c4 g6 3. Nc3 Bg7 4. Nf3 d6 5. e4 O-O 6. Bg5 h6 7. Bxf6 Bxf6 8. Be2 Bg7 9. O-O Nd7 10. h3 c6 11. d5 Qc7 12. Rc1 a6 13. a3 c5 14. b4 b6 15. b5 Nf6 16. a4 Bd7 17. Re1 axb5 18. axb5 Ra3 19. Bd3 Rfa8 20. e5 dxe5 21. Nxe5 Nh5 22. Qe2 Nf4 23. Qd2 Bxe5 24. Re3 Nxd3 25. Qxd3 Bf4 26. Rxe7 Bxc1 27. d6 Qd8 28. Nd5 Rxd3 0-1


[Site "https://www.chess.com"]

[Event "Titled Tuesday Blitz June 20 Early 2023"]
[White "campochess"]
[Black "Better_Chess_Faster"]
[WhiteElo "2190"]
[BlackElo "1992"]
[Result "0-1"]
[Round "5"]
[TimeControl "180+2"]
[Date "2023.06.20"]
[WhiteClock "0:00:00"]
[BlackClock "0:00:01"]
[Board "215"]

1. d4 f5 2. Bg5 g6 3. Nc3 Bg7 4. e4 h6 5. Be3 d6 6. exf5 Bxf5 7. Bd3 Qd7 8. Nge2 Nf6 9. Ng3 e6 10. h4 Nc6 11. h5 g5 12. Nxf5 exf5 13. Qf3 O-O 14. Qxf5 Qxf5 15. Bxf5 Rae8 16. Bg6 Re7 17. O-O-O Nb4 18. d5 Ng4 19. Bd4 Ne5 20. a3 Na6 21. Bd3 Nxd3+ 22. Rxd3 Bxd4 23. Rxd4 Rxf2 24. g4 Nc5 25. b4 Na6 26. Rhd1 Re3 27. R1d3 Re1+ 28. Kb2 Rg2 29. Re4 Rxe4 30. Nxe4 Kg7 31. Rg3 Re2 32. Nc3 Rd2 33. Kc1 Rd4 34. Ne2 Re4 35. Kd2 Nb8 36. Kd3 Re5 37. c4 Nd7 38. Nd4 Re1 39. Kd2 Ra1 40. Nf5+ Kh7 41. Re3 Ne5 42. Rc3 Rxa3 43. Rxa3 Nxc4+ 44. Kc3 Nxa3 45. Nd4 Nb1+ 46. Kc2 Na3+ 47. Kb3 Nb1 48. Nb5 Nd2+ 49. Kc3 Ne4+ 50. Kd4 Nf2 51. Nxc7 Nxg4 52. Ne8 Nf2 53. Nxd6 g4 54. Nf5 Nh3 55. d6 Ng5 56. d7 Nf7 57. Kd5 Kg8 58. Ke6 Kf8 59. Nxh6 Nd8+ 60. Kf6 g3 61. Nf5 g2 62. h6 g1=Q 63. h7 Qa1+ 64. Kg6 Qh8 0-1


[Site "https://www.chess.com"]

[Event "Titled Tuesday Blitz June 20 Early 2023"]
[White "Politov, Pavel Y."]
[Black "Vargas, Mauricio"]
[WhiteFideId "24110515"]
[BlackFideId "4404572"]
[WhiteElo "2066"]
[BlackElo "1986"]
[Result "1-0"]
[Round "5"]
[TimeControl "180+2"]
[Date "2023.06.20"]
[WhiteClock "0:01:01"]
[BlackClock "0:01:58"]
[Board "216"]

1. e4 c5 2. Nf3 d6 3. d4 cxd4 4. Nxd4 Nf6 5. Nc3 g6 6. Be3 Bg7 7. f3 Nc6 8. Qd2 h6 9. O-O-O g5 10. h4 g4 11. Be2 gxf3 12. gxf3 h5 13. Rhg1 Bf8 14. Nxc6 bxc6 15. e5 d5 16. exf6 exf6 17. Ne4 Be7 18. Nc5 Bf5 19. Bd3 Bg6 1-0


[Site "https://www.chess.com"]

[Event "Titled Tuesday Blitz June 20 Early 2023"]
[White "Korobov, Anton"]
[Black "Carlsen, Magnus"]
[WhiteFideId "14105730"]
[BlackFideId "1503014"]
[WhiteElo "2638"]
[BlackElo "2858"]
[Result "0-1"]
[Round "6"]
[TimeControl "180+2"]
[Date "2023.06.20"]
[WhiteClock "0:00:25"]
[BlackClock "0:01:36"]
[Board "1"]

1. d4 d5 2. Nf3 Nf6 3. e3 a6 4. b3 Bg4 5. Ba3 Nbd7 6. h3 Bxf3 7. Qxf3 e5 8. Bxf8 Kxf8 9. Be2 g6 10. O-O Kg7 11. Rd1 Re8 12. c4 c6 13. Nc3 Qa5 14. Rac1 exd4 15. Rxd4 dxc4 16. Bxc4 Ne5 17. Qf4 Nxc4 18. Rxc4 Rad8 19. Ra4 Qe5 20. Qxe5 Rxe5 21. Kf1 c5 22. Ke2 h5 23. Rd1 Rxd1 24. Nxd1 Nd5 25. Rc4 b5 26. Rc2 Kf6 27. g3 Ke6 28. f4 Nb4 29. Rd2 Rd5 30. Nc3 Rxd2+ 31. Kxd2 f5 32. e4 fxe4 33. Nxe4 Kd5 34. Nf6+ Kd4 35. f5 gxf5 36. Nxh5 Nxa2 37. h4 Nc3 38. Nf6 Ne4+ 39. Nxe4 Kxe4 40. h5 Ke5 41. Ke3 a5 0-1


[Site "https://www.chess.com"]

[Event "Titled Tuesday Blitz June 20 Early 2023"]
[White "Shimanov, Aleksandr"]
[Black "Vachier-Lagrave, Maxime"]
[WhiteFideId "4198603"]
[BlackFideId "623539"]
[WhiteElo "2631"]
[BlackElo "2739"]
[Result "0-1"]
[Round "6"]
[TimeControl "180+2"]
[Date "2023.06.20"]
[WhiteClock "0:00:00"]
[BlackClock "0:00:16"]
[Board "2"]

1. e4 c5 2. d4 cxd4 3. Qxd4 Nc6 4. Qd3 g6 5. Nc3 Bg7 6. Nf3 d6 7. Be2 Bg4 8. O-O Nf6 9. Nd5 O-O 10. c3 Nd7 11. Bg5 h6 12. Bh4 g5 13. Bg3 e5 14. Ne3 Nc5 15. Qc2 Be6 16. Rfd1 Rc8 17. Nc4 Bxc4 18. Bxc4 Qe7 19. Qe2 Kh8 20. Nd2 Ne6 21. Nf1 Nf4 22. Qd2 Na5 23. Bb3 Nc4 24. Bxc4 Rxc4 25. f3 Rd8 26. Ne3 Rc6 27. Qc2 Qe6 28. Qb3 Rb6 29. Qc2 h5 30. Rd2 h4 31. Bxf4 exf4 32. Nd5 Rc6 33. h3 Be5 34. Rad1 Kg7 35. Qb3 Qd7 36. Kh1 Rc5 37. Nb4 f6 38. Rd5 Qe7 39. R1d3 Rdc8 40. Rd1 b6 41. a4 Qf7 42. Qa3 a5 43. Na2 Rxd5 44. Rxd5 Rc5 45. Qb3 f5 46. Nc1 fxe4 47. Rxc5 dxc5 48. Qxf7+ Kxf7 49. fxe4 c4 50. Kg1 Ke6 51. Kf2 Bd6 52. Kf3 Bc5 53. Ne2 Ke5 54. Nc1 Bg1 55. b4 Be3 0-1


[Site "https://www.chess.com"]

[Event "Titled Tuesday Blitz June 20 Early 2023"]
[White "Grischuk, Alexander"]
[Black "Beerdsen, Thomas"]
[WhiteFideId "4126025"]
[BlackFideId "1030108"]
[WhiteElo "2721"]
[BlackElo "2553"]
[Result "1-0"]
[Round "6"]
[TimeControl "180+2"]
[Date "2023.06.20"]
[WhiteClock "0:00:06"]
[BlackClock "0:00:07"]
[Board "3"]

1. d4 Nf6 2. Nf3 b5 3. Bg5 Bb7 4. Bxf6 gxf6 5. Nbd2 e6 6. e4 Rg8 7. g3 c5 8. c3 Qb6 9. a4 cxd4 10. Nxd4 b4 11. a5 Qc5 12. a6 Bc6 13. Qb3 Bd6 14. Bg2 h5 15. Nc4 bxc3 16. bxc3 Bc7 17. O-O h4 18. Qb4 Qxb4 19. cxb4 Be5 20. Rfd1 hxg3 21. hxg3 Ke7 22. Ra5 Bc7 23. Ra3 Be5 24. Ra5 Bc7 25. Rh5 Be5 26. Nxe5 fxe5 27. Rxe5 d6 28. Ra5 Bd7 29. e5 d5 30. Rc1 Rc8 31. Rxc8 Bxc8 32. Bf1 Kd7 33. Bb5+ Kc7 34. Be8 Kb6 35. Bxf7 Nxa6 36. Rb5+ Kc7 37. Bxe6 Bb7 38. Rxb7+ Kxb7 39. Bxd5+ Kb8 40. Bxa8 Kxa8 41. b5 Nc5 42. f4 Ne4 43. Kg2 a5 44. bxa6 1-0


[Site "https://www.chess.com"]

[Event "Titled Tuesday Blitz June 20 Early 2023"]
[White "Nakamura, Hikaru"]
[Black "Jones, Gawain C B"]
[WhiteFideId "2016192"]
[BlackFideId "409561"]
[WhiteElo "2874"]
[BlackElo "2645"]
[Result "1-0"]
[Round "6"]
[TimeControl "180+2"]
[Date "2023.06.20"]
[WhiteClock "0:01:37"]
[BlackClock "0:01:13"]
[Board "4"]

1. Nf3 Nf6 2. b3 g6 3. Bb2 Bg7 4. d4 O-O 5. e3 d6 6. Be2 c5 7. O-O b6 8. c4 e6 9. Nc3 a6 10. Qc2 cxd4 11. Nxd4 Bb7 12. Bf3 Qc7 13. Bxb7 Qxb7 14. Rfd1 Nc6 15. Nf3 Rfd8 16. Rd2 d5 17. cxd5 Nb4 18. Qd1 exd5 19. Ne2 Ne4 20. Bxg7 Nxd2 21. Qxd2 Kxg7 22. Qxb4 Rac8 23. h4 Qc6 24. Rd1 Qc2 25. Qd4+ Kg8 26. Nf4 Qc3 27. Qxb6 Rc6 28. Qxd8+ 1-0


[Site "https://www.chess.com"]

[Event "Titled Tuesday Blitz June 20 Early 2023"]
[White "Makarian, Rudik"]
[Black "Martinez Alcantara, Jose Eduardo"]
[WhiteFideId "44105681"]
[BlackFideId "3805662"]
[WhiteElo "2451"]
[BlackElo "2711"]
[Result "0-1"]
[Round "6"]
[TimeControl "180+2"]
[Date "2023.06.20"]
[WhiteClock "0:00:01"]
[BlackClock "0:00:17"]
[Board "5"]

1. d4 Nf6 2. c4 e6 3. Nf3 Bb4+ 4. Bd2 c5 5. Bxb4 cxb4 6. c5 b6 7. cxb6 Qxb6 8. e3 O-O 9. Nbd2 Bb7 10. Bd3 Nc6 11. O-O a5 12. Qe2 d6 13. a4 Rfd8 14. Rfc1 Rac8 15. Ne4 Nxe4 16. Bxe4 h6 17. Qb5 Qc7 18. d5 exd5 19. Bxd5 Qd7 20. Bxc6 Bxc6 21. Qxa5 Qb7 22. Qf5 Bxa4 23. Nd4 Bc6 24. f3 Bd7 25. Qd3 Qb6 26. Kf2 Re8 27. Ra6 Qb8 28. Rca1 Be6 29. Ra7 Qb6 30. R1a5 Qd8 31. g3 Qf6 32. h4 b3 33. Rb7 Rc5 34. Raa7 Bd5 35. Rc7 Rc8 36. Rxc8+ Rxc8 37. Ra1 g6 38. Re1 Rc2+ 39. Re2 Bc4 40. Qe4 Bxe2 41. Qxc2 bxc2 0-1


[Site "https://www.chess.com"]

[Event "Titled Tuesday Blitz June 20 Early 2023"]
[White "Hakobyan, Aram"]
[Black "Gordievsky, Dmitry"]
[WhiteFideId "13306677"]
[BlackFideId "24112798"]
[WhiteElo "2584"]
[BlackElo "2546"]
[Result "1-0"]
[Round "6"]
[TimeControl "180+2"]
[Date "2023.06.20"]
[WhiteClock "0:00:19"]
[BlackClock "0:00:00"]
[Board "7"]

1. d4 Nf6 2. c4 g6 3. Nc3 Bg7 4. e4 d6 5. Be2 O-O 6. Nf3 e5 7. O-O Bg4 8. dxe5 dxe5 9. Nxe5 Bxe2 10. Qxe2 Re8 11. Nf3 c6 12. Bg5 Qb6 13. Rad1 Nbd7 14. e5 Qc7 15. Rfe1 Ng4 16. Ne4 Ngxe5 17. Nxe5 Bxe5 18. Qd2 Nf8 19. Nf6+ Bxf6 20. Bxf6 Re6 21. Rxe6 Nxe6 22. g3 Qc8 23. Qe3 Qe8 24. Rd6 b6 25. Qf3 Rc8 26. h4 h5 27. Kg2 c5 28. b3 Qf8 29. Be5 Rd8 30. Qf6 Kh7 31. Rxd8 Qxd8 32. Qxf7+ 1-0


[Site "https://www.chess.com"]

[Event "Titled Tuesday Blitz June 20 Early 2023"]
[White "Tabatabaei, M. Amin"]
[Black "Pap, Gyula"]
[WhiteFideId "12521213"]
[BlackFideId "725323"]
[WhiteElo "2575"]
[BlackElo "2519"]
[Result "1-0"]
[Round "6"]
[TimeControl "180+2"]
[Date "2023.06.20"]
[WhiteClock "0:00:04"]
[BlackClock "0:00:00"]
[Board "8"]

1. d4 d5 2. Nf3 Nf6 3. c3 c6 4. Qc2 g6 5. Bf4 Bg7 6. h3 O-O 7. e3 Bf5 8. Qb3 Qb6 9. Nbd2 Nbd7 10. Be2 Ne4 11. g4 Nxd2 12. Nxd2 Be6 13. a4 Rfe8 14. a5 Qxb3 15. Nxb3 a6 16. h4 f6 17. Bg3 Bf7 18. Kd2 e5 19. f4 e4 20. f5 gxf5 21. gxf5 Bh6 22. Ra4 Bf8 23. Bf4 Kh8 24. h5 Be7 25. h6 Rg8 26. Raa1 Rg2 27. Rag1 Rag8 28. Rxg2 Rxg2 29. Ke1 c5 30. Kf1 Rg8 31. Kf2 cxd4 32. exd4 Rc8 33. Nd2 Nb8 34. Ra1 Nc6 35. Nb3 Be8 36. Ke3 Bd7 37. Bg4 Rg8 38. Bh3 Bf8 39. Nc5 Bxc5 40. dxc5 Ne7 41. Bd6 Bxf5 42. Bxe7 Rg3+ 43. Kd2 e3+ 44. Ke2 Bxh3 45. Bxf6+ Kg8 46. Be5 Bg4+ 47. Kd3 Bf5+ 48. Kd4 Rg4+ 49. Kxd5 e2 50. Re1 Be4+ 51. Kd6 Bf3 52. c6 bxc6 53. Kc7 Kf7 54. Kb6 Ke6 55. Bd4 Kd5 56. b4 Rxd4 57. cxd4 Kxd4 58. Kxa6 Kc4 59. Kb6 Kxb4 60. a6 c5 61. a7 c4 62. Rxe2 c3 63. Rf2 Bh1 64. Rh2 Bf3 65. Rh3 Bg2 66. Rh2 Bf3 67. Rh4+ Kb3 68. Rh3 Bg2 69. Rg3 Be4 70. Re3 Bg2 71. Rg3 Be4 72. Kc5 Kb2 73. Kd4 c2 74. Kxe4 c1=Q 75. a8=Q Qh1+ 76. Rf3 Qh4+ 77. Ke3 Qxh6+ 78. Ke2 1-0


[Site "https://www.chess.com"]

[Event "Titled Tuesday Blitz June 20 Early 2023"]
[White "Andreikin, Dmitry"]
[Black "Chigaev, Maksim"]
[WhiteFideId "4158814"]
[BlackFideId "4108116"]
[WhiteElo "2736"]
[BlackElo "2561"]
[Result "1-0"]
[Round "6"]
[TimeControl "180+2"]
[Date "2023.06.20"]
[WhiteClock "0:00:05"]
[BlackClock "0:00:00"]
[Board "9"]

1. e4 e6 2. d4 d5 3. Nc3 Nf6 4. e5 Nfd7 5. f4 c5 6. Nf3 Nc6 7. Be3 Qb6 8. Na4 Qa5+ 9. c3 b6 10. Bd2 c4 11. b4 Nxb4 12. cxb4 Bxb4 13. Qc2 Bxd2+ 14. Nxd2 b5 15. Nc3 b4 16. Nd1 O-O 17. Be2 Qb6 18. Nf3 Nb8 19. Ng5 g6 20. Nf3 Nc6 21. Qd2 a5 22. Nf2 Ba6 23. Ng4 a4 24. h4 c3 25. Qe3 Bxe2 26. Kxe2 Ne7 27. h5 Nf5 28. Nf6+ Kg7 29. hxg6 h6 30. Nh5+ Kg8 31. Nf6+ Kg7 32. Qd3 fxg6 33. Kf2 Qa6 34. Qxa6 Rxa6 35. g4 Nd6 36. Rxh6 Ne4+ 37. Ke3 Rxf6 38. exf6+ Nxf6 39. Rh4 c2 40. Kd2 Rc6 41. Kc1 Rc3 42. Ne5 Ne4 43. g5 Nd6 44. Rh6 Nf5 45. Rxg6+ Kh7 46. Rxe6 Nxd4 47. Re7+ Kg8 48. Kd2 Rc8 49. Kd3 Nb5 50. Rc1 b3 51. axb3 axb3 52. Kd2 Na3 53. Rb7 Nc4+ 54. Nxc4 dxc4 55. Kc3 Rf8 56. Kxc4 Rxf4+ 57. Kxb3 1-0


[Site "https://www.chess.com"]

[Event "Titled Tuesday Blitz June 20 Early 2023"]
[White "Lorparizangeneh, Shahin"]
[Black "Nihal Sarin"]
[WhiteFideId "12521604"]
[BlackFideId "25092340"]
[WhiteElo "2526"]
[BlackElo "2689"]
[Result "0-1"]
[Round "6"]
[TimeControl "180+2"]
[Date "2023.06.20"]
[WhiteClock "0:00:13"]
[BlackClock "0:01:24"]
[Board "10"]

1. e4 c5 2. Nf3 Nc6 3. Bb5 e6 4. Bxc6 bxc6 5. d3 Ne7 6. Nbd2 d6 7. e5 Ng6 8. exd6 Bxd6 9. O-O O-O 10. Ne4 Be7 11. Re1 e5 12. b3 f6 13. Ba3 Qa5 14. Qc1 Be6 15. Nfd2 Rad8 16. Bb2 Qc7 17. Nc4 Nf4 18. Qe3 Bd5 19. f3 Ne6 20. Ba3 Bxc4 21. dxc4 Qa5 22. Bb2 Nd4 23. Qf2 Rd7 24. Bc3 Qc7 25. Ng3 Rfd8 26. a4 g6 27. Ne4 f5 28. Ng3 Bh4 29. Qf1 Nxc2 30. Bxe5 Qb7 31. Qf2 Nxa1 32. Bxa1 Qxb3 33. Qxc5 Rd1 34. Rf1 Bxg3 35. hxg3 Rxf1+ 36. Kh2 Qd1 0-1


[Site "https://www.chess.com"]

[Event "Titled Tuesday Blitz June 20 Early 2023"]
[White "Kramnik, Vladimir"]
[Black "Sethuraman, S.P."]
[WhiteFideId "4101588"]
[BlackFideId "5021596"]
[WhiteElo "2703"]
[BlackElo "2543"]
[Result "1/2-1/2"]
[Round "6"]
[TimeControl "180+2"]
[Date "2023.06.20"]
[WhiteClock "0:00:06"]
[BlackClock "0:00:31"]
[Board "11"]

1. e4 e6 2. d4 d5 3. exd5 exd5 4. Nf3 Nf6 5. Bd3 Bd6 6. O-O O-O 7. Bg5 Bg4 8. Nbd2 Nbd7 9. c4 c6 10. c5 Bc7 11. Qc2 h6 12. Bh4 Re8 13. b4 Bf4 14. a4 Qc7 15. b5 Ne4 16. Bg3 Nxd2 17. Qxd2 Bxd2 18. Bxc7 Bxf3 19. gxf3 Bc3 20. Rad1 Bxd4 21. Bf5 Bxc5 22. bxc6 bxc6 23. Bxd7 Re7 24. Bxc6 Rc8 25. Rxd5 Rexc7 26. Bd7 Rd8 27. Rfd1 g6 28. Kg2 Bb6 29. R1d2 Kg7 30. h4 Rc5 31. Rxc5 Bxc5 32. Rd5 Bb6 33. f4 Kf8 34. Kg3 Ke7 35. Bc6 Rxd5 36. Bxd5 Kf6 37. Bc4 h5 38. Bd5 Bc5 39. Bc4 Bd4 40. Bd5 Bc5 41. Bc4 Bd4 42. Bd5 Bc5 1/2-1/2


[Site "https://www.chess.com"]

[Event "Titled Tuesday Blitz June 20 Early 2023"]
[White "Mahdavi, Reza"]
[Black "Sadhwani, Raunak"]
[WhiteFideId "12595926"]
[BlackFideId "35093487"]
[WhiteElo "2395"]
[BlackElo "2631"]
[Result "1-0"]
[Round "6"]
[TimeControl "180+2"]
[Date "2023.06.20"]
[WhiteClock "0:00:45"]
[BlackClock "0:00:00"]
[Board "12"]

1. e4 c6 2. d4 d5 3. e5 Bf5 4. Nf3 e6 5. Be2 Nd7 6. O-O Ne7 7. Nh4 c5 8. c3 h6 9. Nxf5 Nxf5 10. Bd3 Ne7 11. Nd2 Nc6 12. Nf3 Qb6 13. Be2 Be7 14. a3 a5 15. a4 O-O 16. Be3 c4 17. Qd2 f6 18. exf6 Bxf6 19. Bd1 Ne7 20. Bc2 Rf7 21. Rfe1 Raf8 22. Bf4 Bxd4 23. Nxd4 Rxf4 24. Rxe6 Rxd4 25. Qe1 Qxb2 26. cxd4 Qxc2 27. Rxe7 Nf6 28. f3 Qb2 29. Rd1 Qb6 30. Kh1 Rc8 31. Rb1 Qc6 32. Rbxb7 c3 33. Rxg7+ Kh8 34. Qh4 h5 35. Qg5 1-0


[Site "https://www.chess.com"]

[Event "Titled Tuesday Blitz June 20 Early 2023"]
[White "Lazavik, Denis"]
[Black "Yuan, Qingyu"]
[WhiteFideId "13515110"]
[BlackFideId "8609772"]
[WhiteElo "2560"]
[BlackElo "2359"]
[Result "1-0"]
[Round "6"]
[TimeControl "180+2"]
[Date "2023.06.20"]
[WhiteClock "0:00:11"]
[BlackClock "0:00:02"]
[Board "13"]

1. d4 Nf6 2. c4 e6 3. Nf3 d5 4. Nc3 c5 5. cxd5 Nxd5 6. e3 Nc6 7. Bd3 Be7 8. O-O O-O 9. a3 cxd4 10. exd4 Bf6 11. Bc2 Nce7 12. Re1 b6 13. Ne5 Bb7 14. Ne4 Ng6 15. Qh5 Rc8 16. Ng5 Bxg5 17. Bxg5 Nf6 18. Bxf6 Qxf6 19. Nd7 Qf4 20. g3 Qd6 21. Nxf8 Rxc2 22. Nxg6 hxg6 23. Qe5 Qc6 24. d5 Qc5 25. Rf1 Bxd5 26. Qf4 a5 27. Rac1 Qc6 28. Rxc2 Qxc2 29. Rc1 Qe4 30. Qxe4 Bxe4 31. Rc8+ Kh7 32. Rb8 a4 33. Rxb6 Bc2 34. Rc6 Bb3 35. Rc3 Bd1 36. Rd3 Bc2 37. Rc3 Bd1 38. Kf1 g5 39. Ke1 Bb3 40. Rxb3 axb3 41. a4 Kg8 42. a5 Kf8 43. a6 Ke7 44. a7 1-0


[Site "https://www.chess.com"]

[Event "Titled Tuesday Blitz June 20 Early 2023"]
[White "Rohith Krishna S"]
[Black "Bluebaum, Matthias"]
[WhiteFideId "46617051"]
[BlackFideId "24651516"]
[WhiteElo "2270"]
[BlackElo "2639"]
[Result "0-1"]
[Round "6"]
[TimeControl "180+2"]
[Date "2023.06.20"]
[WhiteClock "0:00:45"]
[BlackClock "0:00:18"]
[Board "14"]

1. Nf3 d5 2. g3 e6 3. Bg2 Nf6 4. O-O Bd6 5. d3 O-O 6. Nc3 c5 7. e4 d4 8. Ne2 Nc6 9. a4 e5 10. Nd2 Be6 11. b3 a6 12. h3 b5 13. f4 exf4 14. gxf4 Bc7 15. Nf3 c4 16. f5 Bd7 17. Bf4 Qb8 18. axb5 Bxf4 19. Nxf4 Qxf4 20. bxc6 Bxc6 21. bxc4 Nh5 22. Qd2 Qd6 23. Qg5 g6 24. Rf2 a5 25. e5 Qc5 26. f6 Rfe8 27. Re1 Rab8 28. Rfe2 Qf8 29. Nxd4 Qc5 30. c3 Bxg2 31. Kxg2 a4 32. h4 a3 33. Kh2 Rb2 34. Nf5 Qxe5+ 35. Ng3 Rxe2+ 36. Rxe2 Qxg3+ 0-1


[Site "https://www.chess.com"]

[Event "Titled Tuesday Blitz June 20 Early 2023"]
[White "Priasmoro, Novendra"]
[Black "Paravyan, David"]
[WhiteFideId "7105029"]
[BlackFideId "4194985"]
[WhiteElo "2412"]
[BlackElo "2563"]
[Result "0-1"]
[Round "6"]
[TimeControl "180+2"]
[Date "2023.06.20"]
[WhiteClock "0:01:03"]
[BlackClock "0:01:52"]
[Board "15"]

1. e4 e5 2. Nf3 Nf6 3. Nxe5 d6 4. Nf3 Nxe4 5. d4 d5 6. Bd3 Bd6 7. O-O O-O 8. c4 c6 9. Re1 Bf5 10. Qb3 Qd7 11. Nc3 Nxc3 12. Bxf5 Qxf5 13. bxc3 b6 14. cxd5 cxd5 15. Ba3 Bxa3 16. Qxa3 Nc6 17. Ne5 Rfc8 18. Qd6 Nxe5 19. Rxe5 Qc2 20. Qxd5 Qxc3 21. Rae1 h6 22. Re7 Qc4 23. Qf5 Rd8 24. d5 Qxd5 25. Qxd5 Rxd5 26. Re8+ Rxe8 27. Rxe8+ Kh7 28. g3 Ra5 29. Re2 Ra3 30. Kg2 b5 31. h4 g6 32. Kf1 h5 33. Ke1 b4 34. Kd1 a5 35. Kc1 Kg7 36. Kb2 Rf3 37. Kc1 Kf6 38. Kd1 Kf5 39. Ke1 Rc3 40. Rd2 Ke4 41. Ke2 Ra3 42. Rc2 Kd4 43. Kd2 Rc3 44. Rb2 Kc4 45. Ke2 a4 46. Rd2 b3 47. axb3+ axb3 48. Rd7 b2 49. Rc7+ Kb3 50. Rxf7 Rc4 0-1


[Site "https://www.chess.com"]

[Event "Titled Tuesday Blitz June 20 Early 2023"]
[White "Pranav, V"]
[Black "Renjith, Sravan"]
[WhiteFideId "25060783"]
[BlackFideId "4306783"]
[WhiteElo "2533"]
[BlackElo "2104"]
[Result "1-0"]
[Round "6"]
[TimeControl "180+2"]
[Date "2023.06.20"]
[WhiteClock "0:00:05"]
[BlackClock "0:00:03"]
[Board "16"]

1. e4 e5 2. Nf3 Nc6 3. Bb5 Nf6 4. d3 Bc5 5. c3 d6 6. O-O O-O 7. Nbd2 a6 8. Bxc6 bxc6 9. d4 exd4 10. cxd4 Ba7 11. h3 Re8 12. Qc2 Bd7 13. b3 c5 14. d5 c6 15. dxc6 Bxc6 16. Re1 d5 17. e5 Ne4 18. Bb2 c4 19. Nxe4 dxe4 20. Rad1 Qc8 21. Ng5 Qf5 22. Nxe4 Bxe4 23. Rxe4 cxb3 24. axb3 Rac8 25. Qe2 Bxf2+ 26. Kh2 Ba7 27. Rf1 Qe6 28. Rg4 Bb8 29. Kh1 Bxe5 30. Bxe5 Qxe5 31. Qxa6 Ra8 32. Qb7 Qe6 33. b4 Reb8 34. Qf3 f6 35. Rc1 Qe5 36. Re4 Qd6 37. Qb3+ Kh8 38. b5 h6 39. Rb1 Ra3 40. Qf7 Qd3 41. Re8+ Rxe8 42. Qxe8+ Kh7 43. Qe1 Qd5 44. Kg1 Ra2 45. Qf1 Qd4+ 46. Kh1 Qe4 47. Re1 Qd5 48. Rd1 Qe4 49. Re1 Qd5 50. b6 Rb2 51. Rb1 Ra2 52. b7 Ra3 53. b8=Q Rxh3+ 54. Kg1 Qd4+ 55. Qf2 Rh1+ 56. Kxh1 Qxf2 57. Qb3 h5 58. Qd3+ g6 59. Rd1 Qh4+ 60. Kg1 Qa4 61. Qd7+ 1-0


[Site "https://www.chess.com"]

[Event "Titled Tuesday Blitz June 20 Early 2023"]
[White "Morefield, Jason"]
[Black "Oparin, Grigoriy"]
[WhiteFideId "30920825"]
[BlackFideId "24125890"]
[WhiteElo "2171"]
[BlackElo "2647"]
[Result "0-1"]
[Round "6"]
[TimeControl "180+2"]
[Date "2023.06.20"]
[WhiteClock "0:00:01"]
[BlackClock "0:00:04"]
[Board "17"]

1. e4 c5 2. Nf3 Nc6 3. Bb5 g6 4. Bxc6 bxc6 5. O-O Bg7 6. Re1 Nf6 7. e5 Nd5 8. Na3 O-O 9. d3 Nc7 10. Bg5 Ne6 11. Bh4 h6 12. Qd2 g5 13. Bg3 Rb8 14. Nc4 Ba6 15. b3 Rb7 16. Rad1 Nd4 17. Nxd4 cxd4 18. h4 g4 19. Re4 h5 20. Qg5 Rb5 21. a4 Rd5 22. Qxh5 f5 23. Rf4 e6 24. Re1 Qe8 25. Qg5 Kh7 26. h5 Bh6 27. Qh4 Qd8 28. Qh2 Qg5 29. f3 gxf3 30. Rxf3 Rg8 31. Ref1 Qg4 32. Bf4 c5 33. Bxh6 Kxh6 34. Rf4 Qg7 35. R4f2 Bb7 36. Qf4+ Kh7 37. Kh2 Qf8 38. Rg1 Qe7 39. g3 Rg4 40. Qd2 Qf7 41. Kg2 Rxe5+ 42. Kf1 Qg7 43. Nxe5 Qxe5 44. Re2 Qf6 45. Rf2 Bc6 46. Qa5 Qe7 47. Qxa7 Qg5 48. Qxc5 Qc1+ 49. Ke2 Qe3+ 50. Kf1 Bf3 51. Qe7+ Rg7 52. Rxf3 Qxf3+ 0-1


[Site "https://www.chess.com"]

[Event "Titled Tuesday Blitz June 20 Early 2023"]
[White "Sviridov, Valery"]
[Black "Tristan, Leonardo"]
[WhiteFideId "4120680"]
[BlackFideId "113816"]
[WhiteElo "2457"]
[BlackElo "2461"]
[Result "1-0"]
[Round "6"]
[TimeControl "180+2"]
[Date "2023.06.20"]
[WhiteClock "0:00:20"]
[BlackClock "0:00:00"]
[Board "18"]

1. d4 d5 2. Nf3 Nf6 3. c4 e6 4. g3 Be7 5. Bg2 O-O 6. O-O dxc4 7. Qa4 a6 8. Qxc4 b5 9. Qc2 Bb7 10. Bd2 Be4 11. Qc1 c6 12. Rd1 Nbd7 13. Nc3 Bg6 14. Nh4 Rc8 15. Nxg6 hxg6 16. e4 c5 17. d5 exd5 18. exd5 c4 19. Bf4 Bc5 20. d6 Qb6 21. Qd2 Rfe8 22. Bh3 Rcd8 23. Re1 Rxe1+ 24. Rxe1 Nb8 25. Rd1 Nc6 26. a4 Nd4 27. Bg2 b4 28. Nd5 Nxd5 29. Bxd5 c3 30. Qd3 c2 31. Rc1 Rxd6 32. Bxd6 Qxd6 33. Bb3 Nxb3 34. Qxb3 Bxf2+ 35. Kf1 Qf6 36. Rxc2 Bxg3+ 37. Kg2 Bd6 38. Rc8+ Bf8 39. Rc2 Qg5+ 40. Qg3 Qd5+ 41. Qf3 Qa2 42. Rf2 f5 43. b3 Qb1 44. Qd5+ Kh7 45. h4 Qe1 46. h5 Qe8 47. Kf1 gxh5 48. Qxf5+ Qg6 49. Qxg6+ Kxg6 50. Rxf8 1-0


[Site "https://www.chess.com"]